Zazza, neutral female human Tourist # ------------ ------ * |..........| $ #.....| -------- |..........| $ $ ###|.....# |....>.| |........ff| ####|....|# |......| |.......@@d| $ ### ------# |......| ---------d-- # # ------.- ## ### $ * # ## # # # # ### ####### # ! # # # #-------+----# # # ----------|---- #|......)...|# # # |........<.....#########|..........|# # # # |.............|#########-...........# # ` # |........$....| |..........|###########[###### # |[...)#....{...#########-..........|# #---.-.-----.---- --------------- -----.------# #|..............| # ######## #-..............| $ |.............<| ---------------- Zazza the Excursionist Experience level: 6 Strength: 16 Dexterity: 12 Constitution: 16 Intelligence: 13 Wisdom: 7 Charisma: 18 Health: 0(58) Energy: 24(24) Def: 12 Gold: 0 Moves: 12866 Dungeon seed: vMmGBUqyse-Lo9dj Game ID: Zazza_1618141558 Your Inventory: Weapons a - 26 blessed +2 darts b - a blessed +3 elven dagger j - a +0 dagger W - a +0 long sword X - a blessed +0 knife Armor e - an uncursed +0 Hawaiian shirt (being worn) n - an uncursed rusty +0 orcish helm q - an uncursed +0 pair of elven boots (being worn) y - an uncursed +0 cloak of invisibility T - an uncursed +0 dwarvish mithril-coat (being worn) Y - a blessed +1 orcish helm (being worn) Comestibles g - an uncursed lizard corpse t - an uncursed tripe ration Spellbooks c - an uncursed spellbook of detect unseen d - an uncursed spellbook of invisibility o - a cursed spellbook of wizard lock s - an uncursed spellbook of knock u - an uncursed spellbook of detect food Potions i - 2 uncursed potions of extra healing Rings F - an uncursed ring of free action (on left hand) Wands B - a wand of magic missile (0:0) Tools f - a +0 unicorn horn (weapon in hands) h - an uncursed sack k - an uncursed skeleton key m - an expensive camera (0:91) C - an uncursed blindfold Contents of the sack: 1869 gold pieces a blessed +1 mummy wrapping 2 uncursed eggs 2 uncursed scrolls of amnesia 2 blessed scrolls of blank paper an uncursed scroll of blank paper 2 cursed scrolls of blank paper an uncursed scroll of confuse monster 3 uncursed scrolls of destroy armor 2 uncursed scrolls of earth a cursed scroll of earth an uncursed scroll of enchant armor a cursed scroll of enchant armor an uncursed scroll of enchant weapon a cursed scroll of enchant weapon 3 uncursed scrolls of fire a blessed scroll of food detection 2 uncursed scrolls of food detection a cursed scroll of food detection a blessed scroll of genocide an uncursed scroll of gold detection a blessed scroll of identify 7 uncursed scrolls of identify 3 uncursed scrolls of light an uncursed scroll of scare monster an uncursed scroll of stinking cloud a blessed scroll of taming 5 uncursed scrolls of teleportation an uncursed potion of fruit juice a potion of holy water an uncursed potion of monster detection an uncursed potion of object detection an uncursed potion of paralysis an uncursed potion of restore ability a cursed potion of restore ability an uncursed potion of water an uncursed +1 ring of increase damage an uncursed ring of levitation a cursed ring of teleportation a wand of magic missile (0:5) a wand of magic missile (0:3) a wand of secret door detection (0:14) an uncursed magic lamp a magic marker (0:58) a magic marker (0:55) a +0 pick-axe 2 uncursed amethyst stones an uncursed touchstone 3 uncursed worthless pieces of blue glass an uncursed worthless piece of yellowish brown glass Spells and supernatural/magical abilities: Name Level Category Fail Memory W - pray for help -- divine ? -- Your skills at the end: Fighting Skills Weapon Skills dagger [Basic] dart [Basic] Spellcasting Skills Final Attributes: You were piously aligned. You were telepathic. You were stealthy. You were protected. You had free action. You are dead. Vanquished creatures: 2 large mimics a small mimic a panther 2 leprechauns a horse 3 lizards 2 dogs 3 dingos a gray unicorn a raven a gnome mummy a snake an imp a wood nymph 4 Uruk-hai 3 rock piercers 4 rock moles a fog cloud a yellow light a violet fungus 6 gnome lords a gnomish wizard a kobold mummy a red naga hatchling a barrow wight 6 elf zombies a paper golem 5 giant ants 2 little dogs 6 floating eyes a kitten 9 dwarves 2 homunculi 2 kobold lords a kobold shaman 7 hill orcs 6 rothes 3 rabid rats a centipede 2 giant bats an orc zombie 2 dwarf zombies 3 wererats 4 werejackals 6 iguanas an acid blob 7 coyotes 2 gas spores 8 hobbits 2 manes 3 large kobolds 2 hobgoblins 12 giant rats 6 cave spiders a brown mold 3 yellow molds 2 red molds 21 gnomes 16 garter snakes 3 gnome zombies 8 geckos 22 jackals 2 foxes 2 kobolds 7 goblins 5 sewer rats 15 grid bugs 2 bats 7 lichens 4 kobold zombies 12 newts 290 creatures vanquished. Voluntary challenges: You used a wielded weapon 81 times, starting on turn 1976. You read items or engraved 14 times, starting on turn 1094. You never genocided any monsters. You never polymorphed an object. You never changed form. You used no wishes. You never split a pudding. You wrote Elbereth's name 5 times, starting on turn 9480. You violated your moral code, losing 4 points of alignment, starting on turn 5790. Dungeon overview: The Dungeons of Doom: levels 1 to 9 Level 1 a fountain a long staircase Level 2 a scroll shop, an altar to Blind Io Level 3 a general store, a fountain stairs to The Gnomish Mines Level 4 some fountains Level 5 Level 6 Level 7 a fountain, a sink Level 8 many fountains Level 9 <- You were here a scroll shop, a fountain, a sink stairs to Sokoban The Gnomish Mines: levels 4 to 6 Level 4 stairs to The Dungeons of Doom Level 5 Level 6 many shops, a temple to Blind Io, some fountains, some trees Sokoban: Level 8 stairs to The Dungeons of Doom History has recorded: On T:1 you entered the Dungeons of Doom to retrieve the Amulet of Yendor! On T:65 you reached level 2 of The Dungeons of Doom. On T:952 you reached level 3 of The Dungeons of Doom. On T:1206 you reached level 1 of The Gnomish Mines. On T:1738 you reached level 4 of The Dungeons of Doom. On T:2099 you advanced to experience level 2. On T:2432 you reached level 5 of The Dungeons of Doom. On T:2799 you advanced to experience level 3. On T:2890 you reached level 6 of The Dungeons of Doom. On T:3306 you reached level 7 of The Dungeons of Doom. On T:4696 you advanced to experience level 4. On T:5901 you reached level 8 of The Dungeons of Doom. On T:7484 you advanced to experience level 5. On T:8676 you reached level 2 of The Gnomish Mines. On T:8763 you reached level 3 of The Gnomish Mines. On T:11287 you reached level 9 of The Dungeons of Doom. On T:11508 you advanced to experience level 6. On T:11712 you reached level 4 of Sokoban. Score breakdown: Gold: 1362 (10662 points) Experience: 6 levels (12456 points) Exploration: 9 levels ( 18.00%) (12121 points) Discoveries: 27 items ( 9.06%) ( 9030 points) Valuables value: (no points given unless you survive) Artifact value: 0 ( 0 points) Variety of kills: 71 monsters ( 18.64%) (12950 points) Turncount: 12866 turns (-2750 points) Survival: died (score multiplied by 80%) Total score: 43575 Latest messages: "Aloha, Zazza! Welcome again to Kittamagh's second-hand bookstore!" The dingo misses. (3x) You stop. Armand is in the way! The dingo bites! The dingo just misses! You stop. Your little dog is in the way! The dingo bites! (3x) You stop. Your large cat is in the way! The dingo bites! (2x) The dingo just misses! You stop. Armand is in the way! The dingo bites! (2x) You stop. Your little dog is in the way! The dingo bites! The dingo misses. The dingo bites! You stop. Armand is in the way! The dingo bites! (2x) The dingo misses. You stop. Your little dog is in the way! The dingo bites! (3x) You don't have enough stamina to move. The dingo misses. The dingo bites! (2x) You die... Kittamagh gratefully inherits all your possessions. Final status: Aloha Zazza the Tourist, killed by a dingo... You died in The Dungeons of Doom on dungeon level 9 with 43575 points, and 1869 pieces of gold, after 12866 moves. You were level 6 with a maximum of 58 hit points when you died.